 Dungeon Crawl Stone Soup version 0.29.0-4-gdea44cf6ec (webtiles) character file.

Game seed: 13511242223840482345

51 qw the Chopper (level 3, 0/21 HPs)
             Began as a Tengu Warper on Aug 28, 2022.
             Slain by Natasha (2 damage)
             ... on level 2 of the Dungeon.
             The game lasted 00:00:06 (1664 turns).

qw the Chopper (Tengu Warper)                       Turns: 1664, Time: 00:00:07

Health: 0/21       AC:  8    Str: 13    XL:     3   Next: 81%
Magic:  7/7        EV:  6    Int: 13    God:
Gold:   20         SH:  0    Dex: 13    Spells: 6/6 levels left

rFire   . . .      SeeInvis .   Y - +0 hand axe
rCold   . . .      Faith    .   (no shield)
rNeg    . . .      Spirit   .   e - +0 chain mail
rPois   .          Reflect  .   (helmet restricted)
rElec   .          Harm     .   (no cloak)
rCorr   .          Rampage  .   (no gloves)
Will    .....                   (boots unavailable)
Stlth   ..........              (no amulet)
HPRegen 0.07/turn               (no ring)
MPRegen 0.10/turn               (no ring)

@: about to teleport
A: beak, talons 3
a: no special abilities


You were on level 2 of the Dungeon.
You visited 1 branch of the dungeon, and saw 2 of its levels.

You collected 59 gold pieces.
You spent 39 gold pieces at shops.


Innate Abilities, Weirdness & Mutations

You have a beak for a mouth.
You have claws for feet.


   Skills:
 - Level 2.0 Fighting
 + Level 4.4 Axes
 - Level 1.0 Throwing
 - Level 1.1 Armour
 - Level 2.1 Dodging
 - Level 2.0 Spellcasting
 - Level 2.4 Translocations


You had 6 spell levels left.
You didn't know any spells.
Your spell library contained the following spells:

 Spells                   Type           Power      Damage    Failure   Level
 Blink                    Tloc           14%        N/A       99%         2
 Gell's Gravitas          Tloc           7%         N/A       100%        3
 Lesser Beckoning         Tloc           7%         N/A       100%        3
 Teleport Other           Tloc           7%         N/A       100%        3
 Manifold Assault         Tloc           7%         N/A       100%        5

Inventory:

Hand Weapons
 d - a +0 whip
 Y - a +0 hand axe (weapon)
Armour
 e - a +0 chain mail (worn)
Jewellery
 c - an amulet of regeneration
 h - a ring of magical power
Scrolls
 a - 2 scrolls of identify
Potions
 b - a potion of degeneration {unknown}
 f - 2 potions of curing {unknown}
 g - 2 potions of might {unknown}

Dungeon Overview and Level Annotations

Branches:
Dungeon (2/15)

Altars:

Shops:
D:1 ?

Annotations:
D:2 Natasha


Message History

You resist with significant effort. Natasha barely misses you.
You hit Natasha.
Natasha is moderately wounded.
Natasha mumbles some strange words.
You closely miss Natasha.
Natasha is moderately wounded.
Natasha claws you but does no damage.
You closely miss Natasha. Your kick misses Natasha. Your peck misses Natasha.
Natasha is moderately wounded.
You hit the white imp but do no damage. Natasha barely misses you.
The white imp hits you. The white imp freezes you.
You hit Natasha but do no damage. You claw Natasha.
Natasha is heavily wounded.
You hit the white imp.
Natasha stares at you and mumbles some strange words.
The magic dart hits you. The white imp gestures at you.
The puff of frost hits you.
You hit Natasha. You claw Natasha.
You kill Natasha!
Natasha yowls pathetically as she dies!
The white imp disappears in a puff of smoke!
Your Axes skill increases to level 4!
You start resting.
Natasha, Servant of Life and Death comes into view.
Natasha hisses angrily.
Natasha stares at you and mumbles some strange words.
The magic dart hits you!
1659 ||| Stepping ~*~*~tactically~*~*~ (hiding).
Natasha claws you.
1662 ||| READING scroll of teleportation.
As you read the scroll of teleportation, it crumbles to dust.
You feel strangely unstable. Natasha claws you but does no damage.
You hit Natasha but do no damage. Natasha completely misses you.
You barely miss Natasha. You claw Natasha! Your peck misses Natasha.
Natasha is heavily wounded.
Natasha claws you.
You die...

## .### .... ...# ...
...####... ##h.......
#@...#.....
#......##..
#.........#
#..%....#.#
#....##...# ...
###.......##..
#....###....#
########.#.#.......+
.........#....>....##


You could see Natasha.

Vanquished Creatures
  Natasha (D:2)
  A dart slug (D:1)
  2 ball pythons (D:1)
  2 endoplasms (D:1)
  2 giant cockroaches (D:1)
  3 hobgoblins
  2 kobolds (D:1)
  3 quokkas
  5 frilled lizards
  2 rats (D:1)
23 creatures vanquished.

Notes
Turn   | Place    | Note
-------+----------+-------------------------------------------
     0 | D:1      | qw the Tengu Warper began the quest for the Orb.
     0 | D:1      | Reached XP level 1. HP: 12/12 MP: 4/4
     0 | D:1      | 0 ||| qw: Version: 0.1-a-89-g26bdef1
     0 | D:1      | 0 ||| qw: Game counter: 552
     0 | D:1      | 0 ||| qw: Always use a shield: true
     0 | D:1      | 0 ||| qw: God list: Okawaru
     0 | D:1      | 0 ||| qw: Allow faded altars: false
     0 | D:1      | 0 ||| qw: Do Orc after D:15 true
     0 | D:1      | 0 ||| qw: Do second Lair branch before Depths: true
     0 | D:1      | 0 ||| qw: Lair rune preference: random
     0 | D:1      | 0 ||| qw: Plans: Normal
     0 | D:1      | 0 ||| PLANNING D:1-11
     9 | D:1      | Noticed a bullfrog
   180 | D:1      | Reached XP level 2. HP: 8/17 MP: 6/6
   182 | D:1      | Reached skill level 3 in Axes
   373 | D:1      | 373 ||| Stepping ~*~*~tactically~*~*~ (stealth).
   558 | D:1      | Found a faded altar of an unknown god.
   969 | D:1      | 969 ||| Stepping ~*~*~tactically~*~*~ (stealth).
   970 | D:1      | 970 ||| Stepping ~*~*~tactically~*~*~ (stealth).
   974 | D:1      | 974 ||| Stepping ~*~*~tactically~*~*~ (stealth).
   976 | D:1      | Found Seituc's Magic Scroll Boutique.
   984 | D:1      | 984 ||| SHOPLISTING 3 scrolls of teleportation (117 gold,
                  | have 55).
   984 | D:1      | 984 ||| SHOPLISTING scroll of enchant armour (97 gold, have
                  | 55).
   984 | D:1      | 984 ||| BUYING scroll of teleportation (39 gold).
   984 | D:1      | Bought a scroll of teleportation for 39 gold pieces
   998 | D:1      | 998 ||| Stepping ~*~*~tactically~*~*~ (stealth).
   999 | D:1      | 999 ||| Stepping ~*~*~tactically~*~*~ (stealth).
  1364 | D:1      | 1364 ||| UPGRADING to +0 chain mail.
  1374 | D:1      | 1374 ||| DROPPING +0 leather armour.
  1375 | D:1      | 1375 ||| READING 3 scrolls labelled PASMUET QUDWOC.
  1376 | D:1      | 1376 ||| READING scroll labelled NUKIMIWUGA.
  1377 | D:1      | 1377 ||| READING scroll labelled LUARCH YPOAXT.
  1378 | D:1      | 1378 ||| DROPPING scroll of blinking.
  1422 | D:2      | Reached XP level 3. HP: 21/21 MP: 7/7
  1533 | D:2      | Noticed Natasha
  1534 | D:2      | 1534 ||| Stepping ~*~*~tactically~*~*~ (hiding).
  1543 | D:2      | Killed Natasha
  1544 | D:2      | Reached skill level 4 in Axes
  1657 | D:2      | Noticed Natasha
  1659 | D:2      | 1659 ||| Stepping ~*~*~tactically~*~*~ (hiding).
  1661 | D:2      | HP: 2/21 [Natasha (4)]
  1662 | D:2      | 1662 ||| READING scroll of teleportation.
  1664 | D:2      | Slain by Natasha

Levels and vault maps discovered:
D:1:      evilmike_arrival_come_back, layout_basic,
          ebering_ecumenical_altar_box, serial_shops, shop,
          corexii_leaking_fountain
D:2:      cheibrodos_greedy_goblins, layout_rooms, uniq_natasha

Skill      XL: |  1  2  3 |
---------------+----------+-----
Axes           | 3 4 |  4.4
Fighting       | |  2.0
Throwing       | |  1.0
Armour         | |  1.1
Dodging        | |  2.1
Spellcasting   | |  2.0
Translocations | |  2.4

Action                   || total
-------------------------++-------
Melee: Hand axe          ||    58
       Kick              ||    16
       Peck              ||     7
Throw: Boomerang         ||     7
  Use: Scroll            ||     4
Armor: Leather armour    ||     5
       Chain mail        ||     7
Dodge: Dodged            ||    29

Table legend:
 A = Non-vault XP
 B = Vault XP
 C = Vault XP percentage of total XP
 D = Non-vault monster count
 E = Vault monster count
 F = Vault count percentage of total count
                 A         B        C        D         E       F
            +---------+---------+-------+---------+---------+-------
      Total |      38 |      35 |  47.9 |      22 |       1 |   4.3
            +---------+---------+-------+---------+---------+-------
        D:1 |      33 |       0 |   0.0 |      19 |       0 |   0.0
        D:2 |       5 |      35 |  87.5 |       3 |       1 |  25.0
            +---------+---------+-------+---------+---------+-------
